 Dungeon Crawl Stone Soup version 0.24.0-13-gcf9b319 (webtiles) character file.

Game seed: 10296860543899447590, levelgen mode: deterministic

459 Boetheseconed the Insei (level 6, -1/48 HPs)
             Began as a Demonspawn Monk on Dec 1, 2019.
             Slain by Pikel
             ... wielding a +2 whip of flaming
              (3 damage)
             ... on level 4 of the Dungeon.
             The game lasted 00:08:22 (2995 turns).

Boetheseconed the Insei (Demonspawn Monk)           Turns: 2995, Time: 00:08:23

Health: -1/48      AC:  5    Str: 11    XL:     6   Next: 78%
Magic:  6/6        EV: 14    Int: 15    God:
Gold:   141        SH:  0    Dex: 17    Spells: 5/5 levels left

rFire    + . .     SeeInvis .     - Unarmed
rCold    . . .     Gourm    .   (no shield)
rNeg     . . .     Faith    .   a - +0 robe
rPois    .         Spirit   .   (no helmet)
rElec    .         Reflect  .   e - +0 cloak
rCorr    .         Harm     .   (no gloves)
MR       .....                  (no boots)
Stlth    +++.......             g - amulet of the acrobat
HPRegen  0.16/turn              j - ring of protection from fire
MPRegen  0.10/turn              m - +3 ring of intelligence

@: no status effects
A: claws 2, iridescent scales 1, spiny 1
a: no special abilities


You were on level 4 of the Dungeon.
You were hungry.

You visited 1 branch of the dungeon, and saw 4 of its levels.

You collected 141 gold pieces.

Inventory:

Armour
 a - a +0 robe (worn)
 e - a +0 cloak (worn)
Jewellery
 g - an amulet of the acrobat (around neck)
 j - a ring of protection from fire (left claw)
 m - a +3 ring of intelligence (right claw)
Wands
 r - a wand of iceblast (6)
Scrolls
 c - a scroll of teleportation {unknown}
 f - a scroll of fog
 h - a scroll of remove curse {unknown}
 l - 4 scrolls of fear {unknown}
 n - 4 scrolls of identify {unknown}
 o - a scroll of blinking {unknown}
 p - a scroll of enchant weapon {unknown}
 q - a scroll of amnesia {unknown}
Potions
 d - 2 potions of curing
 k - a potion of agility
Comestibles
 b - 7 rations
 i - 2 chunks of flesh


   Skills:
 + Level 3.7 Fighting
 + Level 3.9 Dodging
 + Level 3.3 Stealth
 + Level 5.4 Unarmed Combat


You had 5 spell levels left.
You didn't know any spells.
Your spell library was empty.

Dungeon Overview and Level Annotations

Branches:
Dungeon (4/15)
 Temple: D:4-7

Altars:
Dithmenos
Gozag
Vehumet

Annotations:
D:4 Pikel


Innate Abilities, Weirdness & Mutations

You have very sharp fingernails.
You are partially covered in iridescent scales. (AC +2)
You are partially covered in sharp spines.


Message History

The slave is struck by your spines. The slave closely misses you.
Pikel hits you with a +2 whip of flaming!
Pikel burns you.
You claw Pikel!
Pikel is moderately wounded.
The slave is struck by your spines. The slave hits you.
Pikel closely misses you.
You closely miss Pikel.
Pikel is moderately wounded.
The slave hits you. x2; The slave is struck by your spines.
The slave hits you!
* * * LOW HITPOINT WARNING * * *
A frilled lizard comes into view.
The slave is struck by your spines. The slave hits you.
* * * LOW HITPOINT WARNING * * *
Pikel hits you with a +2 whip of flaming.
* * * LOW HITPOINT WARNING * * *
As you read the scroll labeled SIGIGU QIUSHROI, it crumbles to dust.
The scroll dissolves into smoke.
It was a scroll of fog.
Pikel hits you with a +2 whip of flaming.
You die...

................†....#..
.................#.....##
.............###.##..... #.
..........#...##..##.......
....<.....#....##..#.##..#
...###......#...........##
........#...###..p.......#
........#.....#§pKp.......#
...>..........§§@##.....#.#
...............§§###....#
..##.......###§§§# ......
..# #...... ##...# (..#l..
..# ...#... ##.......##..
#.. ..##.#. ##....... ..
#.##.. #... ........ ....
.... ..... .#.#


You could see Pikel and 3 slaves.

Vanquished Creatures
  Grinder (D:3)
  A scorpion (D:4)
  2 orc wizards (D:4)
  An orc priest (D:4)
  A gnoll (D:1)
  5 adders
  2 oozes
  A worm (D:3)
  3 dart slugs
  2 leopard geckos (D:3)
  An orc (D:3)
  2 giant cockroaches (D:3)
  6 goblins
  9 hobgoblins
  9 jackals
  4 kobolds
  7 bats
  3 frilled lizards
  A jackal skeleton (D:4)
  A leopard gecko skeleton (D:4)
  2 rats
64 creatures vanquished.

Notes
Turn   | Place    | Note
-------+----------+-------------------------------------------
     0 | D:1      | Boetheseconed the Demonspawn Monk began the quest for the
                  | Orb.
     0 | D:1      | Reached XP level 1. HP: 18/18 MP: 1/1
   258 | D:1      | Reached skill level 3 in Unarmed Combat
   258 | D:1      | Gained mutation: You are partially covered in sharp spines.
                  | [demonic ancestry]
   258 | D:1      | Reached XP level 2. HP: 19/24 MP: 2/2
   699 | D:1      | Gained mutation: You are partially covered in iridescent
                  | scales. (AC +2) [demonic ancestry]
   699 | D:1      | Reached XP level 3. HP: 26/29 MP: 3/3
  1448 | D:2      | Gained mutation: You have sharp fingernails. [demonic
                  | ancestry]
  1448 | D:2      | Reached XP level 4. HP: 35/35 MP: 4/4
  1907 | D:3      | Noticed Grinder
  1908 | D:3      | Paralysed by Grinder for 3 turns
  1923 | D:3      | Killed Grinder
  1923 | D:3      | Reached skill level 4 in Unarmed Combat
  1923 | D:3      | Gained mutation: You have very sharp fingernails. [demonic
                  | ancestry]
  1923 | D:3      | Reached XP level 5. HP: 35/41 MP: 5/5
  1923 | D:3      | Reached XP level 6. HP: 40/47 MP: 6/6
  1924 | D:3      | Found a radiant altar of Vehumet.
  1983 | D:3      | Found a shadowy altar of Dithmenos.
  2264 | D:3      | Found an opulent altar of Gozag.
  2603 | D:4      | Reached skill level 5 in Unarmed Combat
  2928 | D:4      | Noticed a slave
  2929 | D:4      | Noticed a slave
  2983 | D:4      | Noticed Pikel
  2986 | D:4      | Noticed a slave
  2986 | D:4      | Noticed a slave
  2994 | D:4      | HP: 2/48 [Pikel/+2 whip of flaming (5)]
  2995 | D:4      | Slain by Pikel

Levels and vault maps discovered:
D:1:      giann_bridges, layout_basic, minmay_tall_x
D:2:      layout_basic
D:3:      layout_basic, vehumet_crystals, overflow_temple_1_default,
          nicolae_dithmenos_shadow_blocks, uniq_grinder
D:4:      layout_cave_pools, uniq_pikel

Skill      XL: |  1  2  3  4  5  6 |
---------------+-------------------+-----
Unarmed Combat | 3 4 5 |  5.4
Dodging        | 3 |  3.9
Stealth        | 2 3 |  3.3
Fighting       | |  3.7

Action                   |  1- 3 |  4- 6 || total
-------------------------+-------+-------++-------
Melee: Unarmed           |   100 |    84 ||   184
Evoke: Wand              |       |     1 ||     1
  Use: Potion            |       |     4 ||     4
       Scroll            |       |     1 ||     1
 Stab: Sleeping          |     5 |     2 ||     7
       Distracted        |       |     1 ||     1
  Eat: Chunk             |     2 |     4 ||     6
Armor: Robe              |    24 |    14 ||    38
Dodge: Dodged            |    63 |    38 ||   101
